 Dungeon Crawl Stone Soup version 0.29.1-14-g9c671dbff4 (webtiles) character file.

Game seed: 10816422580920869201

1353 Smoke131 the Magician (level 8, -4/41 HPs)
             Began as a Deep Elf Fire Elementalist on Feb 21, 2023.
             Slain by an orc warrior
             ... wielding a +0 scimitar
              (11 damage)
             ... on level 6 of the Dungeon.
             The game lasted 00:22:05 (7527 turns).

Smoke131 the Magician (Deep Elf Fire Elementalist)  Turns: 7527, Time: 00:22:05

Health: -4/41      AC:  6    Str:  5    XL:     8   Next: 36%
Magic:  0/20       EV: 15    Int: 23    God:
Gold:   138        SH:  0    Dex: 15    Spells: 6/21 levels left

rFire   . . .      SeeInvis .   t - staff of conjuration
rCold   . . .      Faith    .   (no shield)
rNeg    + . .      Spirit   .   a - +0 robe
rPois   +          Reflect  .   (no helmet)
rElec   .          Harm     .   (no cloak)
rCorr   .          Rampage  .   A - +2 pair of gloves {Stlth+}
Will    .....                   B - +0 pair of boots
Stlth   +++.......              (no amulet)
HPRegen 0.13/turn               p - ring of poison resistance
MPRegen 0.17/turn               r - ring of positive energy

@: no status effects
A: no striking features
a: no special abilities


You were on level 6 of the Dungeon.
You visited 2 branches of the dungeon, and saw 8 of its levels.
You also visited: Sewer.

You collected 396 gold pieces.
You spent 258 gold pieces at shops.

Inventory:

Hand Weapons
 h - a +0 dagger of venom
Armour
 a - a +0 robe (worn)
 j - a +1 leather armour of willpower
 A - a +2 pair of gloves of stealth (worn)
 B - a +0 pair of boots (worn)
Magical Staves
 t - a staff of conjuration (weapon)
Jewellery
 p - a ring of poison resistance (left hand)
 r - a ring of positive energy (right hand)
 v - an amulet of guardian spirit
Wands
 o - a wand of roots (7)
Scrolls
 d - a scroll of amnesia
 e - 2 scrolls of teleportation
 w - 3 scrolls of identify
 x - a scroll of enchant weapon {unknown}
 y - a scroll of silence {unknown}
Potions
 b - a potion of magic
 c - 2 potions of ambrosia
 f - a potion of mutation {unknown}
 g - 3 potions of brilliance
 i - a potion of attraction {unknown}
 k - 2 potions of curing
 l - a potion of heal wounds {unknown}
 m - 2 potions of resistance {unknown}
 n - 2 potions of haste {unknown}
 q - 3 potions of invisibility
 s - a potion of cancellation {unknown}
 u - a potion of might {unknown}
 z - a potion of berserk rage {unknown}


   Skills:
 + Level 6.5 Dodging
 - Level 2.4 Stealth
 + Level 7.3 Spellcasting
 + Level 5.6 Conjurations
 + Level 6.5 Fire Magic


You had 6 spell levels left.
You knew the following spells:

 Your Spells              Type           Power      Damage    Failure   Level
a - Foxfire               Conj/Fire      100%       2x1d9     1%          1
b - Scorch                Fire           76%        2d8       1%          2
c - Conjure Flame         Conj/Fire      53%        6-21      1%          3
d - Flame Wave            Conj/Fire      53%        2d13      6%          4
e - Sticky Flame          Conj/Fire      53%        2d7       6%          4
z - Magic Dart            Conj           100%       1d8       1%          1

Your spell library contained the following spells:

 Spells                   Type           Power      Damage    Failure   Level
 Inner Flame              Hex/Fire       23%        N/A       6%          3
 Stone Arrow              Conj/Erth      64%        3d11      7%          3
 Ignite Poison            Fire/Tmut/Pois 18%        N/A       10%         3
 Mephitic Cloud           Conj/Pois/Air  25%        N/A       11%         3
 Call Imp                 Summ           8%         N/A       12%         2
 Confusing Touch          Hex            8%         N/A       22%         3
 Animate Armour           Summ/Erth      16%        N/A       58%         4
 Yara's Violent Unravell  Hex/Tmut       4%         3d4       91%         5
 Enfeeble                 Hex            4%         N/A       100%        7
 Lehudib's Crystal Spear  Conj/Erth      16%        10d5      100%        8


Dungeon Overview and Level Annotations

Branches:
Dungeon (7/15)             Temple (1/1) D:5           Sewer (visited)

Altars:
Ashenzari
Cheibriados
Elyvilon
Fedhas
Gozag
Hepliaklqana
Kikubaaqudgha
Okawaru
Ru
Sif Muna
Uskayaw
Xom
Yredelemnul
Zin
The Shining One

Shops:
D:2 [   D:4 =

Annotations:
D:4 2 transporters, promet's ghost, amateur DEAE
D:6 3 runed translucent doors, Gadrel's ghost, novice DEWn


Message History

You hit the orc. You punch the orc.
You kill the orc!
The orc warrior attacks as you move away!
The orc warrior hits you with a +0 scimitar!
The black bear is no longer more vulnerable to fire.
The orc warrior is no longer more vulnerable to fire.
The orc warrior attacks as you move away!
The orc warrior hits you with a +0 scimitar!
The orc warrior attacks as you move away!
The orc warrior misses you.
The orc warrior attacks as you move away!
The orc warrior closely misses you.
The orc warrior attacks as you move away!
The orc warrior completely misses you.
There is a stone staircase leading up here.
The orc warrior hits you with a +0 scimitar!
* * * LOW HITPOINT WARNING * * *
You climb upwards.
Level annotation: 3 runed translucent doors, Gadrel's ghost, novice DEWn
There is a stone staircase leading down here.
Casting: Scorch (safe; 1% risk of failure)
Confirm with . or Enter, or press ? or * to list all spells.
Flames lash the orc warrior.
The orc warrior is heavily wounded.
The orc warrior's fire resistance burns away.
The orc warrior barely misses you. The orc warrior misses you.
The orc warrior attacks as you move away!
The orc warrior hits you but does no damage.
The orc warrior is no longer more vulnerable to fire.
Casting: Scorch (safe; 1% risk of failure)
Confirm with . or Enter, or press ? or * to list all spells.
Flames lash the orc warrior.
The orc warrior is almost dead.
The orc warrior's fire resistance burns away.
The orc warrior barely misses you.
You closely miss the orc warrior.
The orc warrior is almost dead.
The orc warrior hits you with a +0 scimitar!
You die...

#.........# ##.........#### ###
#.............. #<#
#.............. #.#
#..............
#.###........##....
#.##>.........+....
########.##.........##....
#........@o.#............#
########'##+############.#
#............#...........
#............#...........
#............#...........
#.........รท..#...........
#######........................
#..............................
#######........................


You could see an orc warrior (combustible).

Vanquished Creatures
  A steam dragon (D:5)
  2 water moccasins
  A black bear (D:6)
  An ice beast (D:6)
  2 kobold brigands (Sewer)
  2 scorpions (D:5)
  2 jellies
  A hound (D:5)
  An orc wizard (D:4)
  5 iguanas
  3 gnolls (D:5)
  7 river rats (Sewer)
  7 adders
  A shadow imp (D:6)
  2 white imps
  An ufetubus (D:5)
  6 worms
  4 dart slugs
  16 orcs
  7 endoplasms
  5 giant cockroaches
  3 hobgoblins
  8 quokkas
  12 ball pythons
  4 bats
  3 frilled lizards (D:1)
  5 goblins
  15 kobolds
  23 rats
  A butterfly (D:5)
151 creatures vanquished.

Vanquished Creatures (others)
  296 foxfires
296 creatures vanquished.

Grand Total: 447 creatures vanquished

Notes
Turn   | Place    | Note
-------+----------+-------------------------------------------
     0 | D:1      | Smoke131 the Deep Elf Fire Elementalist began the quest for
                  | the Orb.
     0 | D:1      | Reached XP level 1. HP: 10/10 MP: 6/6
   193 | D:1      | Reached XP level 2. HP: 11/15 MP: 8/8
   226 | D:1      | Learned a level 2 spell: Scorch
   228 | D:1      | Learned a level 1 spell: Magic Dart
  1290 | D:2      | Found Ybel's Armour Boutique.
  1745 | D:3      | Reached XP level 3. HP: 19/19 MP: 10/10
  1791 | D:3      | Found a glowing drain.
  1858 | Sewer    | Entered a sewer
  1949 | Sewer    | Reached XP level 4. HP: 21/24 MP: 5/11
  2170 | Sewer    | Reached skill level 4 in Spellcasting
  2713 | Sewer    | Reached XP level 5. HP: 28/28 MP: 8/13
  2816 | Sewer    | Reached skill level 5 in Spellcasting
  2816 | Sewer    | Reached XP level 6. HP: 8/32 MP: 1/15
  3513 | D:3      | Found a hide-covered altar of Uskayaw.
  3887 | D:3      | You fall into a shaft and drop 1 floor!
  3914 | D:4      | Found a transporter.
  3941 | D:4      | Noticed a water moccasin
  3991 | D:4      | Found a transporter.
  3991 | D:4      | Noticed promet's ghost (amateur DEAE)
  4017 | D:4      | Learned a level 3 spell: Conjure Flame
  4364 | D:4      | Killed a water moccasin
  4365 | D:4      | Reached skill level 5 in Fire Magic
  4411 | D:4      | Reached skill level 5 in Dodging
  4423 | D:4      | Found Qecwimu's Jewellery Boutique.
  4430 | D:4      | Reached XP level 7. HP: 27/36 MP: 6/17
  5483 | D:5      | Entered Level 5 of the Dungeon
  5534 | D:5      | Noticed a steam dragon
  5539 | D:5      | Killed a steam dragon
  5540 | D:5      | Reached skill level 6 in Spellcasting
  5686 | D:5      | Found a staircase to the Ecumenical Temple.
  5701 | Temple   | Entered the Ecumenical Temple
  6088 | D:5      | Found a basalt altar of Yredelemnul.
  6099 | D:5      | Found a glowing golden altar of the Shining One.
  6101 | D:5      | Noticed an angel
  6116 | D:5      | Noticed a profane servitor
  6369 | D:5      | Reached skill level 5 in Conjurations
  6614 | D:2      | Bought a +2 pair of gloves of stealth for 258 gold pieces
  6624 | D:2      | Learned a level 4 spell: Flame Wave
  6715 | D:6      | Found a runed translucent gate.
  6715 | D:6      | Found a runed translucent gate.
  6716 | D:6      | Found a runed translucent gate.
  6722 | D:6      | Reached XP level 8. HP: 41/41 MP: 14/20
  6849 | D:6      | Learned a level 4 spell: Sticky Flame
  6913 | D:6      | Reached skill level 7 in Spellcasting
  7354 | D:6      | Noticed Gadrel's ghost (novice DEWn)
  7527 | D:6      | Slain by an orc warrior

Illustrated notes

Levels and vault maps discovered:
D:1:      kennysheep_arrival_forest, layout_basic, grunt_decor_junction
D:2:      layout_basic, serial_shops, shop
D:3:      layout_basic, lemuel_tele_altar, portal_sewer_entry_f,
          chequers_mini_garden
D:4:      layout_loops_cross, gammafunk_ghost_arena, serial_shops,
          kennysheep_mini, nicolae_wormholes
D:5:      layout_rooms, grunt_temple_overflow_holy_war,
          minmay_temple_entry_butterflies
D:6:      layout_basic, ebering_ghost_rock_garden
D:7:      black_bear_nest_1, layout_loops_corners,
          mainiacjoe_overflow_boulevard, mainiacjoe_overflow_alcove_3,
          serial_shops, shop_statue, nicolae_shop_competitors_out_of_business,
          shop, nicolae_shop_stone, nicolae_shop_hallway_plus
Temple:   nicolae_temple_no_exploring_needed

Skill      XL: |  1  2  3  4  5  6  7  8 |
---------------+-------------------------+-----
Dodging        | 3 4 5 6 |  6.5
Conjurations   | 2 3 4 5 |  5.6
Spellcasting   | 4 5 6 7 |  7.3
Fire Magic     | 4 5 6 |  6.5
Stealth        | |  2.4

Action                   |  1- 3 |  4- 6 |  7- 9 || total
-------------------------+-------+-------+-------++-------
Melee: Dagger            |    31 |    26 |       ||    57
       Staff             |       |    12 |    36 ||    48
       Punch             |       |       |     2 ||     2
 Cast: Foxfire           |    49 |    67 |    66 ||   182
       Scorch            |     4 |    25 |    46 ||    75
       Conjure Flame     |       |     3 |     1 ||     4
  Use: Scroll            |     7 |     5 |     2 ||    14
 Stab: Sleeping          |     5 |     2 |     2 ||     9
Armor: Robe              |     8 |    11 |     5 ||    24
Dodge: Dodged            |    40 |    52 |    40 ||   132
